 Dungeon Crawl Stone Soup version 0.17.1-1-g73c8601 (webtiles) character file.

90 Peloso the Shield-Bearer (level 4, -1/38 HPs)
             Began as a Demigod Fighter on Jan 3, 2016.
             Succumbed to a gnoll's poison
             ... on level 3 of the Dungeon.
             The game lasted 00:06:40 (2198 turns).

Peloso the Shield-Bearer (Demigod Fighter)          Turns: 2198, Time: 00:06:41

Health: -1/38      AC:  6    Str: 26    XL:     4   Next: 11%
Magic:  6/6        EV:  8    Int: 12    God:
Gold:   121        SH: 10    Dex: 15    Spells: 0 memorised, 3 levels left

rFire  . . .     SeeInvis .     a - +0 long sword
rCold  . . .     Clarity  .     b - +0 scale mail
rNeg   . . .     SustAt   +     c - +0 shield
rPois  .         Gourm    .     (no helmet)
rElec  .         Spirit   .     (no cloak)
rCorr  .         Warding  .     (no gloves)
rMut   .         Rnd*Tele +     (no boots)
MR     .....                    (no amulet)
Stlth  ..........               (no ring)
                                m - ring of teleportation (curse)

@: mighty, lethally poisoned (-1 -> -9), not resistant to hostile enchantments,
extremely unstealthy
A: high mp 1, sustain attributes
a: Evoke Teleportation


You were on level 3 of the Dungeon.
You were not hungry.

You visited 1 branch of the dungeon, and saw 3 of its levels.

You collected 121 gold pieces.

Inventory:

Hand Weapons
 a - a +0 long sword (weapon)
 o - a cursed -1 dagger
Armour
 b - a +0 scale mail (worn)
 c - a +0 shield (worn)
Jewellery
 m - a cursed ring of teleportation (left hand)
Scrolls
 g - a scroll of teleportation {unknown}
 i - a scroll of fear {unknown}
 j - 2 scrolls of recharging {unknown}
 k - 4 scrolls of remove curse {unknown}
 l - a scroll of enchant armour {unknown}
 p - 2 scrolls of blinking {unknown}
 u - a scroll of magic mapping {unknown}
 x - a scroll of identify {unknown}
Potions
 d - 2 potions of might
 h - a potion of flight {unknown}
 q - a potion of invisibility {unknown}
 t - a potion of resistance {unknown}
 w - a potion of cancellation {unknown}
Comestibles
 e - a bread ration
 r - a beef jerky
 s - 3 meat rations
 v - 2 fruits


   Skills:
 + Level 3.1 Fighting
 + Level 2.5 Long Blades
 + Level 3.2 Armour
 + Level 0.5 Dodging
 + Level 3.4 Shields


You had 3 spell levels left.
You didn't know any spells.

Dungeon Overview and Level Annotations

Branches:
Dungeon (3/15)


Innate Abilities, Weirdness & Mutations

You have an increased reservoir of magic (+10% MP).
Your attributes are resistant to harm.


Message History

The gnoll is severely wounded.
* * * LOW HITPOINT WARNING * * *
You feel sick. You block the gnoll's attack.
The gnoll hits you with a spear of venom!
* * * LOW HITPOINT WARNING * * *
You are more poisoned.
Drink which item? (? for menu, Esc to quit)
You feel better. You block the gnoll's attack.
The gnoll hits you with a spear of venom.
* * * LOW HITPOINT WARNING * * *
Drink which item? (? for menu, Esc to quit)
You feel very mighty all of a sudden. The gnoll hits you with a whip.
* * * LOW HITPOINT WARNING * * *
The gnoll hits you but does no damage.
You are lethally poisoned!
You slash the gnoll!
You kill the gnoll!
You have reached level 4!
You die...

####.........##
#.............##
##.....>.........
#..............#
#..............###
#.................
#............#
#)g..........# #
#@#.###.###..#
....##?#)###.#
#.........(...#
#.#####.(........$..#
############.##


You could see a gnoll.

Vanquished Creatures
  2 gnolls
  An adder (D:2)
  5 worms (D:2)
  A giant cockroach (D:1)
  6 goblins
  9 hobgoblins
  3 quokkas (D:2)
  3 ball pythons (D:1)
  4 bats
  2 giant newts (D:2)
  7 kobolds
  4 rats
47 creatures vanquished.

Vanquished Creatures (others)
  A kobold (D:2)
1 creature vanquished.

Grand Total: 48 creatures vanquished

Notes
Turn   | Place    | Note
--------------------------------------------------------------
     0 | D:1      | Peloso the Demigod Fighter began the quest for the Orb.
     0 | D:1      | Reached XP level 1. HP: 18/18 MP: 3/3
   308 | D:1      | Reached skill level 3 in Shields
   308 | D:1      | Reached XP level 2. HP: 12/25 MP: 4/4
   859 | D:2      | Found a snail-covered altar of Cheibriados.
  1103 | D:2      | Reached XP level 3. HP: 31/31 MP: 5/5
  1174 | D:2      | Found a white marble altar of Elyvilon.
  2197 | D:3      | HP: 1/31 [gnoll/whip (3)]
  2198 | D:3      | Reached XP level 4. HP: 1/38 MP: 6/6
  2198 | D:3      | Succumbed to a gnoll's poison

Action                   |  1- 3 |  4- 6 || total
-------------------------+-------+-------++-------
Melee: Long sword        |   181 |       ||   181
  Use: Potion            |     4 |       ||     4
  Eat: Chunk             |     4 |       ||     4
